 Dungeon Crawl Stone Soup version 0.23.2-40-g277498a (webtiles) character file.

Game seed: 13153602119246963794

1841 EternalSandwich the Purveyor of Pain (level 8, -2/52 HPs)
             Began as a Demonspawn Necromancer on Oct 22, 2019.
             Was an Initiate of Kikubaaqudgha.
             Slain by an orc warrior
             ... wielding a +0 mace
              (13 damage)
             ... on level 6 of the Dungeon.
             The game lasted 00:28:20 (6433 turns).

EternalSandwich the Purveyor of Pain (DsNe)         Turns: 6433, Time: 00:28:24

Health: -2/52      AC:  7    Str:  9    XL:     8   Next: 87%
Magic:  0/18       EV: 15    Int: 19    God:    Kikubaaqudgha [......]
Gold:   247        SH:  0    Dex: 13    Spells: 8/21 levels left

rFire    . . .     SeeInvis +   v - +2 dagger (venom)
rCold    . . .     Gourm    .   (no shield)
rNeg     . . .     Faith    .   r - +2 robe {MR+}
rPois    .         Spirit   +   (helmet unavailable)
rElec    .         Reflect  .   (no cloak)
rCorr    .         Harm     .   l - +2 pair of gloves
MR       +....                  (no boots)
Stlth    ++........             x - amulet of guardian spirit
HPRegen  0.17/turn              (no ring)
MPRegen  0.16/turn              (no ring)

@: no status effects
A: antennae 3, repulsion field 2, powered by death 1, rot immunity
a: Renounce Religion


You were on level 6 of the Dungeon.
You worshipped Kikubaaqudgha.
Kikubaaqudgha was noncommittal.
You were not hungry.

You visited 1 branch of the dungeon, and saw 6 of its levels.

You collected 247 gold pieces.

Inventory:

Hand Weapons
 q - a +0 short sword of venom
 v - a +2 dagger of venom (weapon)
Missiles
 s - 11 tomahawks (quivered)
 z - 19 stones
Armour
 l - a +2 pair of gloves (worn)
 r - a +2 robe of magic resistance (worn)
 y - a +3 leather armour
Jewellery
 x - an amulet of guardian spirit (around neck)
Wands
 p - a wand of random effects (26)
Scrolls
 a - 3 scrolls of teleportation
 b - 2 scrolls of blinking {unknown}
 d - a scroll of magic mapping {unknown}
 g - 6 scrolls of remove curse
 h - 2 scrolls of amnesia {unknown}
 i - 5 scrolls of identify
 j - a scroll of fog {unknown}
 k - a scroll of random uselessness {unknown}
 t - a scroll of immolation {unknown}
 w - a scroll of noise {unknown}
Potions
 e - 4 potions of brilliance {unknown}
 f - 2 potions of heal wounds {unknown}
 m - 2 potions of mutation {unknown}
 n - a potion of curing
 o - a potion of flight {unknown}
 u - a potion of degeneration {unknown}
Comestibles
 c - 9 rations
 A - a chunk of flesh


   Skills:
 - Level 1.7 Dodging
 - Level 1.7 Stealth
 - Level 7.3 Spellcasting
 - Level 9.5 Necromancy
 * Level 3.2 Earth Magic


You had 8 spell levels left.
You knew the following spells:

 Your Spells              Type           Power        Failure   Level  Hunger
a - Pain                  Necr           ####         1%          1    None
b - Animate Skeleton      Necr           N/A          1%          1    None
c - Vampiric Draining     Necr           #####.....   1%          3    #......
d - Animate Dead          Necr           N/A          1%          4    ###....
e - Regeneration          Chrm/Necr      ####......   4%          3    #......
f - Sandblast             Erth           ###...       2%          1    None

Your spell library contained the following spells:

 Spells                   Type           Power        Failure   Level  Hunger
 Passwall                 Tmut/Erth      ##......     8%          2    None
 Stone Arrow              Conj/Erth      ##....       16%         3    #......
 Petrify                  Tmut/Erth      ##......     45%         4    ###....
 Lee's Rapid Deconstruct  Erth           ###.......   58%         5    #####..


Dungeon Overview and Level Annotations

Branches:
Dungeon (6/15)
 Temple: D:4-7

Altars:
Ashenzari
Hepliaklqana
Kikubaaqudgha
Nemelex Xobeh
Ru
Xom

Shops:
D:4 %


Innate Abilities, Weirdness & Mutations

You have a pair of large antennae on your head. (SInv)
You are surrounded by a moderate repulsion field. (EV +3)
You regenerate a little health from kills.
You are immune to rotting.


Message History

The blast of sand misses the crimson imp.
z - 19 stones The orc wizard shouts!
An orc priest comes into view. It is wielding a +0 club.
The orc wizard looks braver for a moment.
The crimson imp summons a swarm of flies.
The crimson imp blinks!
The orc priest mumbles some strange prayers to Beogh against you.
Beogh smites you!
Items here: )) [[ a +0 falchion; a +0 ring mail; a +0 mace; a +0 ring mail The orc warrior hits you with a +0 mace!
* * * LOW HITPOINT WARNING * * *
Casting: Sandblast (safe; 2% risk of failure)
Confirm with . or Enter, or press ? or * to list all spells.
You call on the dead to rise...
Nothing appears to happen.
The orc priest looks braver for a moment.
The orc warrior hits you with a +0 mace!
You die...
Kikubaaqudgha rasps: "You have failed me!
Welcome... death!"

#.# ###########.###### #.#
#....{{..........
###.####...######.######
##...........#####...
##......................
#..............########...
#........[.....# ..
#..............###### #
#........@............
#.......o......#######
##............##
##...o......##
###.######## #o# #.# #{# {
##{#


You could see an orc warrior, an orc priest and an orc wizard.

Vanquished Creatures
  Pikel (D:4)
  2 slaves
  2 orc warriors (D:5)
  An ice beast (D:5)
  2 ogres
  A black bear (D:6)
  2 centaurs (D:5)
  A scorpion (D:4)
  2 crimson imps
  A centaur zombie (D:6)
  2 jellies (D:5)
  4 orc wizards
  3 orc priests
  2 worker ants
  A howler monkey zombie (D:5)
  2 adders
  2 worms
  3 dart slugs
  2 leopard geckos (D:4)
  6 orcs
  3 giant cockroaches
  4 hobgoblins
  4 jackals
  5 kobolds
  2 quokkas
  A ball python (D:6)
  8 bats
  3 frilled lizards
  5 goblins
  2 rats (D:1)
79 creatures vanquished.

Vanquished Creatures (collateral kills)
  Grinder (D:5)
  2 slaves (D:4)
  A dart slug (D:2)
  2 rats
6 creatures vanquished.

Vanquished Creatures (others)
  A kobold (D:3)
  A bat (D:3)
2 creatures vanquished.

Grand Total: 87 creatures vanquished

Notes
Turn   | Place    | Note
-------+----------+-------------------------------------------
     0 | D:1      | EternalSandwich the Demonspawn Necromancer began the quest
                  | for the Orb.
     0 | D:1      | Reached XP level 1. HP: 13/13 MP: 3/3
    47 | D:1      | Learned a level 1 spell: Animate Skeleton
   111 | D:1      | Found a shattered altar of Ashenzari.
   682 | D:2      | Gained mutation: You have a pair of small antennae on your
                  | head. [demonic ancestry]
   682 | D:2      | Reached XP level 2. HP: 19/19 MP: 5/5
  1025 | D:2      | Reached skill level 5 in Necromancy
  1193 | D:2      | Gained mutation: You are surrounded by a mild repulsion
                  | field. (EV +2) [demonic ancestry]
  1193 | D:2      | Reached XP level 3. HP: 24/24 MP: 5/7
  1237 | D:2      | Learned a level 3 spell: Vampiric Draining
  2294 | D:3      | Found a shimmering altar of Xom.
  2659 | D:4      | Gained mutation: You regenerate a little health from kills.
                  | [demonic ancestry]
  2659 | D:4      | Reached XP level 4. HP: 20/30 MP: 0/8
  2696 | D:4      | Found Coofen's Food Emporium.
  2759 | D:4      | Gained mutation: You are immune to rotting. [demonic
                  | ancestry]
  2759 | D:4      | Reached XP level 5. HP: 24/35 MP: 2/10
  2781 | D:4      | Noticed Pikel
  2781 | D:4      | Noticed a slave
  2782 | D:4      | Noticed a slave
  2783 | D:4      | Noticed a slave
  2787 | D:4      | Noticed a slave
  2841 | D:3      | Found a hazy altar of Hepliaklqana.
  3136 | D:4      | Found an ancient bone altar of Kikubaaqudgha.
  3145 | D:4      | Became a worshipper of Kikubaaqudgha
  3326 | D:4      | Killed a slave
  3347 | D:3      | Killed a slave
  3554 | D:4      | Killed Pikel
  3554 | D:4      | Reached skill level 5 in Spellcasting
  3554 | D:4      | Reached skill level 7 in Necromancy
  3554 | D:4      | Gained mutation: You are surrounded by a moderate repulsion
                  | field. (EV +3) [demonic ancestry]
  3554 | D:4      | Reached XP level 6. HP: 13/41 MP: 0/14
  3554 | D:4      | Gained mutation: You have a pair of antennae on your head.
                  | [demonic ancestry]
  3554 | D:4      | Reached XP level 7. HP: 15/46 MP: 0/15
  3757 | D:5      | Entered Level 5 of the Dungeon
  4465 | D:5      | Reached skill level 8 in Necromancy
  4708 | D:5      | Gained mutation: You have a pair of large antennae on your
                  | head. (SInv) [demonic ancestry]
  4708 | D:5      | Reached XP level 8. HP: 13/52 MP: 9/17
  4720 | D:5      | Learned a level 4 spell: Animate Dead
  4724 | D:5      | Learned a level 3 spell: Regeneration
  4798 | D:5      | Noticed Grinder
  4807 | D:5      | Killed Grinder
  5015 | D:5      | Reached skill level 9 in Necromancy
  5192 | D:5      | Found a sparkling altar of Nemelex Xobeh.
  5270 | D:5      | Found a sacrificial altar of Ru.
  6088 | D:5      | Learned a level 1 spell: Sandblast
  6164 | D:5      | Reached skill level 1 in Earth Magic
  6433 | D:6      | Slain by an orc warrior

Skill      XL: |  1  2  3  4  5  6  7  8 |
---------------+-------------------------+-----
Necromancy     | 5 7 8 9 |  9.5
Spellcasting   | 3 5 6 7 |  7.3
Earth Magic    | 3 |  3.2
Dodging        | |  1.7
Stealth        | |  1.7

Action                   |  1- 3 |  4- 6 |  7- 9 || total
-------------------------+-------+-------+-------++-------
Melee: Dagger            |    57 |    42 |    81 ||   180
       Short sword       |       |     6 |    26 ||    32
Throw: Tomahawk          |       |       |     7 ||     7
 Cast: Pain              |    59 |     7 |    66 ||   132
       Animate Skeleton  |    15 |     2 |     5 ||    22
       Vampiric Draining |       |     4 |    19 ||    23
       Sandblast         |       |       |    11 ||    11
       Animate Dead      |       |       |     3 ||     3
Evoke: Wand              |       |    12 |     1 ||    13
  Use: Scroll            |       |       |     3 ||     3
 Stab: Sleeping          |     2 |     1 |     1 ||     4
  Eat: Chunk             |     5 |     2 |     8 ||    15
       Ration            |       |       |     1 ||     1
Armor: Robe              |    13 |    21 |    34 ||    68
Dodge: Dodged            |    54 |    85 |   109 ||   248
